 Dungeon Crawl Stone Soup version 0.24-a0-463-g3510def36b (webtiles) character file.

Game seed: 14930829892438487423

754 kazah the Stinger (level 8, -1/54 HPs)
             Began as a Formicid Venom Mage on July 2, 2019.
             Slain by a water moccasin zombie (6 damage)
             ... in an ossuary.
             The game lasted 00:11:35 (5180 turns).

kazah the Stinger (Formicid Venom Mage)             Turns: 5180, Time: 00:11:35

Health: -1/54      AC:  7    Str: 16    XL:     8   Next: 7%
Magic:  13/13      EV:  9    Int: 14    God:
Gold:   264        SH:  9    Dex: 11    Spells: 8/14 levels left

rFire    . . .     SeeInvis +   b - +1 dagger (venom)
rCold    . . .     Gourm    .   n - +0 shield
rNeg     . . .     Faith    .   e - +0 ring mail
rPois    .         Spirit   .   (helmet unavailable)
rElec    .         Reflect  .   (no cloak)
rCorr    .         Harm     .   w - +0 pair of gloves
MR       .....                  (no boots)
Stlth    +.........             (no amulet)
HPRegen  0.18/turn              t - +4 ring of slaying
MPRegen  0.13/turn              (no ring)

@: no status effects
A: permanent stasis, dig shafts and tunnels, four strong arms, antennae 3
a: Dig, Shaft Self


You were in an ossuary.
You were near starving.

You visited 1 branch of the dungeon, and saw 5 of its levels.
You also visited: Ossuary.

You collected 264 gold pieces.

Inventory:

Hand Weapons
 b - a +1 dagger of venom (weapon)
 s - the +0 dagger "Urchur Finiu" {protect, rC- Str+5 Dex+3}
   (You found it on level 4 of the Dungeon)

   It grants its wielder temporary protection when it strikes (+7 to AC).
   It affects your strength (+5).
   It affects your dexterity (+3).
   It makes you vulnerable to cold.
Missiles
 y - 5 boomerangs (quivered)
Armour
 e - a +0 ring mail (worn)
 n - a +0 shield (worn)
 w - a +0 pair of gloves (worn)
Magical Staves
 k - an uncursed staff of fire {unknown}
Jewellery
 t - a +4 ring of slaying (left hand)
Wands
 r - a wand of polymorph (3)
Scrolls
 a - a scroll of remove curse
 g - a scroll of fear
 i - a scroll of random uselessness {unknown}
 u - a scroll of amnesia
Potions
 f - a potion of lignification {unknown}
 h - a potion of degeneration {unknown}
 j - 2 potions of flight
 l - a potion of haste {unknown}
 m - a potion of cancellation {unknown}
 o - 2 potions of curing
 q - 3 potions of heal wounds
Comestibles
 c - 8 rations


   Skills:
 + Level 1.5 Fighting
 + Level 2.7 Short Blades
 - Level 0.2 Throwing
 * Level 4.1 Armour
 - Level 1.7 Dodging
 - Level 2.4 Stealth
 * Level 3.5 Shields
 - Level 3.6 Spellcasting
   Level 1.1 Conjurations
 - Level 2.2 Air Magic
 - Level 5.9 Poison Magic


You had 8 spell levels left.
You knew the following spells:

 Your Spells              Type           Power        Failure   Level  Hunger
b - Poisonous Vapours     Pois/Air       ##....       32%         2    ##.....
c - Olgreb's Toxic Radia  Pois           ###.....     71%         4    ####...

Your spell library contained the following spells:

 Spells                   Type           Power        Failure   Level  Hunger
 Sting                    Conj/Pois      ##..         28%         1    None
 Mephitic Cloud           Conj/Pois/Air  ##......     69%         3    ###....
 Venom Bolt               Conj/Pois      ##........   100%        5    ######.


Dungeon Overview and Level Annotations

Branches:
Dungeon (6/15)
 Temple: D:4-7

Altars:
Okawaru
Sif Muna
Trog
Xom

Annotations:
D:3 exclusion: downstairs
D:4 Grinder


Innate Abilities, Weirdness & Mutations

You cannot be hasted, slowed, berserked, paralysed or teleported.
You can dig through walls and to a lower floor.
Your four strong arms can wield two-handed weapons with a shield.
You have a pair of large antennae on your head. (SInv)


Message History

* * * LOW HITPOINT WARNING * * *
You hit the water moccasin zombie.
The water moccasin zombie is almost destroyed.
You block the water moccasin zombie's attack.
You hit the water moccasin zombie.
The water moccasin zombie is almost destroyed.
You block the water moccasin zombie's attack.
The water moccasin zombie bites you!
* * * LOW HITPOINT WARNING * * *
You hit the water moccasin zombie but do no damage.
The water moccasin zombie is almost destroyed.
The water moccasin zombie bites you.
* * * LOW HITPOINT WARNING * * *
You closely miss the water moccasin zombie.
The water moccasin zombie is almost destroyed.
The water moccasin zombie closely misses you.
You hit the water moccasin zombie.
The water moccasin zombie is almost destroyed.
The water moccasin zombie bites you.
You die...

#...#
#...#
#...#
#...#
###'#
#^^^#
#^.^#
#^^^#
#@^.#
#Z###


#ZZ #... +...# ##### You could see a water moccasin zombie, a gnoll zombie and a
big kobold zombie.

Vanquished Creatures
  Sigmund (D:3)
  2 ogres
  A water moccasin skeleton (D:6)
  A water moccasin zombie (Ossuary)
  2 orc priests
  A hound (D:4)
  An orc wizard (D:3)
  Terence (D:3)
  A worker ant (D:4)
  A big kobold zombie (Ossuary)
  2 adders (D:2)
  3 gnolls (D:6)
  2 oozes
  2 adder zombies (Ossuary)
  3 dart slugs (D:1)
  3 leopard geckos
  9 orcs
  3 bats
  3 giant cockroaches
  A gnoll zombie (Ossuary)
  6 hobgoblins
  5 jackals (D:3)
  4 kobolds
  A quokka (D:3)
  4 frilled lizards
  9 goblins
  A goblin zombie (D:6)
  6 hobgoblin zombies
  2 kobold zombies (D:4)
  An orc zombie (Ossuary)
  4 rats
  A rat zombie (D:6)
87 creatures vanquished.

Notes
Turn   | Place    | Note
-------+----------+-------------------------------------------
     0 | D:1      | kazah the Formicid Venom Mage began the quest for the Orb.
     0 | D:1      | Reached XP level 1. HP: 13/13 MP: 3/3
   249 | D:1      | Found a shimmering altar of Xom.
   281 | D:1      | Reached XP level 2. HP: 19/19 MP: 5/5
   356 | D:1      | Learned a level 2 spell: Poisonous Vapours
   723 | D:1      | Reached skill level 1 in Armour
   729 | D:1      | Reached skill level 1 in Conjurations
   729 | D:1      | Reached XP level 3. HP: 15/24 MP: 6/6
  1880 | D:2      | Reached XP level 4. HP: 30/30 MP: 4/7
  1885 | D:2      | Reached skill level 1 in Air Magic
  2234 | D:3      | Noticed Sigmund
  2303 | D:3      | Killed Sigmund
  2303 | D:3      | Reached skill level 1 in Short Blades
  2303 | D:3      | Reached skill level 1 in Shields
  2303 | D:3      | Reached skill level 5 in Poison Magic
  2303 | D:3      | Reached XP level 5. HP: 24/36 MP: 1/9
  2303 | D:3      | Reached XP level 6. HP: 29/42 MP: 1/10
  2767 | D:3      | Found a deep blue altar of Sif Muna.
  2767 | D:3      | Found a faded altar of an unknown god.
  2772 | D:3      | Found an iron altar of Okawaru.
  2774 | D:3      | Found a faded altar of an unknown god.
  2776 | D:3      | Found a shimmering altar of Xom.
  2891 | D:3      | Noticed Terence
  2896 | D:3      | Killed Terence
  3196 | D:3      | Learned a level 4 spell: Olgreb's Toxic Radiance
  3292 | D:3      | Found a bloodstained altar of Trog.
  4072 | D:4      | Reached XP level 7. HP: 36/47 MP: 2/11
  4232 | D:4      | Reached skill level 1 in Fighting
  4311 | D:4      | Noticed Grinder
  4557 | D:4      | Got a slimy dagger
  4558 | D:4      | Identified the cursed +0 dagger "Urchur Finiu" {protect,
                  | rC- Str+5 Dex+3} (You found it on level 4 of the Dungeon)
  4647 | D:4      | You fall into a shaft and drop 2 floors!
  4938 | D:6      | Found a sand-covered staircase.
  4963 | Ossuary  | Entered an ossuary
  5008 | Ossuary  | Reached XP level 8. HP: 36/54 MP: 13/13
  5180 | Ossuary  | Slain by a water moccasin zombie

Levels and vault maps discovered:
D:1:      nicolae_arrival_somewhat_less_tricky_arrival, layout_basic, hex_large,
          xom_teletrap_fun
D:2:      layout_rooms, minmay_pentomino_s4
D:3:      layout_basic, chequers_temple_overflow_minitemple,
          trog_butcher_becter, uniq_sigmund, uniq_terence
D:4:      layout_rooms, corexii_hall_statues_i, minmay_mini_ossuary,
          uniq_grinder
D:6:      layout_loops_ring, nicolae_overflow_hidden_temple, enter_ossuary_4,
          hangedman_decor_diamond_cutter, nrook_mini_vaults, grunt_qazlal_clouds
Ossuary:  ossuary_tomb_2

Skill      XL: |  1  2  3  4  5  6  7 |
---------------+----------------------+-----
Armour         | 1 2 3 4 |  4.1
Conjurations   | 1 |  1.1
Air Magic      | 1 2 |  2.2
Short Blades   | 1 2 |  2.7
Shields        | 1 2 3 |  3.5
Poison Magic   | 5 |  5.9
Spellcasting   | 3 |  3.6
Fighting       | 1 |  1.5
Throwing       | |  0.2
Dodging        | |  1.7
Stealth        | |  2.4

Action                   |  1- 3 |  4- 6 |  7- 9 || total
-------------------------+-------+-------+-------++-------
Melee: Dagger            |    74 |    90 |   133 ||   297
Throw: Boomerang         |       |       |     5 ||     5
 Cast: Sting             |     4 |       |       ||     4
       Poisonous Vapours |     2 |    21 |    12 ||    35
  Use: Scroll            |       |       |     7 ||     7
 Stab: Sleeping          |     4 |     1 |       ||     5
       Distracted        |     1 |       |       ||     1
  Eat: Chunk             |     3 |     8 |     3 ||    14
Armor: Leather armour    |    12 |    13 |     8 ||    33
       Ring mail         |       |       |    18 ||    18
Dodge: Dodged            |    39 |    48 |    54 ||   141
Block: Shield            |       |       |    17 ||    17

Table legend:
 A = Non-vault XP
 B = Vault XP
 C = Vault XP percentage of total XP
 D = Non-vault monster count
 E = Vault monster count
 F = Vault count percentage of total count
                 A         B        C        D         E       F
            +---------+---------+-------+---------+---------+-------
      Total |     671 |     407 |  37.8 |      61 |      26 |  29.9
            +---------+---------+-------+---------+---------+-------
        D:1 |      42 |       0 |   0.0 |      18 |       0 |   0.0
        D:2 |      23 |      30 |  56.6 |      13 |       4 |  23.5
        D:3 |     119 |     255 |  68.2 |      18 |       6 |  25.0
        D:4 |     252 |       4 |   1.6 |       7 |       4 |  36.4
        D:6 |     235 |       2 |   0.8 |       5 |       2 |  28.6
    Ossuary |       0 |     116 | 100.0 |       0 |      10 | 100.0
            +---------+---------+-------+---------+---------+-------
